 Dungeon Crawl Stone Soup version 0.30.1-11-g7821555f0a (webtiles) character file.

Game seed: 2487328113800162529

19793 Martska the Fighter (level 12, -3/139 (140) HPs)
             Began as an Ogre Gladiator on Dec 8, 2023.
             Was a Priest of the Shining One.
             Slain by Snorg (8 damage)
             ... on level 11 of the Dungeon.
             The game lasted 00:23:30 (12902 turns).

Martska the Fighter (Ogre Gladiator)               Turns: 12902, Time: 00:23:30

HP:   -3/139 (140)  AC: 19    Str: 25    XL:     12   Next: 72%
MP:   12/12         EV: 12    Int:  9    God:    the Shining One [***...]
Gold: 694           SH:  0    Dex: 10    Spells: 11/11 levels left

rFire   . . .        U - +0 giant spiked club
rCold   . . .        (shield currently unavailable)
rNeg    + . .        Z - +3 troll leather armour
rPois   .            e - +1 hat
rElec   .            N - +1 cloak
rCorr   .            (gloves unavailable)
SInv    .            (boots unavailable)
Will    +....        (no amulet)
Stlth   +            F - +4 ring of protection
HPRegen 1.23/turn    G - +4 ring of protection
MPRegen 0.13/turn

%: no passive effects
@: glowing, lightly drained
A: large, unfitting armour, tough skin 1
a: Renounce Religion, Divine Shield, Cleansing Flame


You were on level 11 of the Dungeon.
You worshipped the Shining One.
The Shining One was most pleased with you.
You visited 2 branches of the dungeon, and saw 12 of its levels.

You collected 797 gold pieces.
You spent 103 gold pieces at shops.

Inventory:

Hand Weapons
 a - a +0 flail
 o - a +0 dagger
 r - a +2 trident of venom
 D - a +2 flail of draining
 K - a +2 whip of freezing
 O - a +0 flail of protection
 Q - a +2 morningstar of protection
 U - a +0 giant spiked club (weapon)
 V - a +0 giant spiked club
 W - a +4 flail
Missiles
 d - 3 throwing nets
 x - a large rock (quivered)
Armour
 b - +0 steam dragon scales
 e - a +1 hat (worn)
 L - a +2 robe of fire resistance
 N - a +1 cloak (worn)
 Y - +0 acid dragon scales
 Z - a +3 troll leather armour (worn)
Jewellery
 c - a ring of see invisible
 k - a ring of protection from cold
 l - a +6 ring of intelligence
 C - a +6 ring of intelligence
 F - a +4 ring of protection (left hand)
 G - a +4 ring of protection (right hand)
 M - a +4 ring of protection
 R - a +6 ring of dexterity
 X - a ring of fire
Wands
 i - a wand of flame (31)
 y - a wand of paralysis (20)
 H - a wand of polymorph (17)
 J - a wand of digging (16)
Scrolls
 f - a scroll of identify
 j - 3 scrolls of fog
 m - a scroll of noise {unknown}
 n - a scroll of acquirement {unknown}
 q - a scroll of poison {unknown}
 s - 6 scrolls of teleportation
 t - a scroll of brand weapon {unknown}
 A - a scroll of butterflies
 B - a scroll of fear {unknown}
 I - 2 scrolls of magic mapping {unknown}
 P - 2 scrolls of torment {unknown}
Potions
 g - 5 potions of ambrosia
 h - 3 potions of curing
 p - 4 potions of might
 u - 3 potions of magic {unknown}
 v - a potion of cancellation {unknown}
 z - 4 potions of mutation {unknown}
 E - 2 potions of brilliance {unknown}
 T - a potion of invisibility {unknown}


   Skills:
 + Level 14.9 Fighting
 * Level 13.2 Maces & Flails
 - Level 2.0 Throwing
 + Level 9.7 Dodging


You had 11 spell levels left.
You didn't know any spells.
Your spell library contained the following spells:

 Spells                   Type           Power      Damage    Failure   Level
 Magic Dart               Conj           0%         1d3       43%         1
 Sting                    Tmut/Pois      0%         1d3       43%         1
 Cigotuvi's Dreadful Rot  Necr/Pois/Air  0%         N/A       56%         2
 Poisonous Vapours        Pois/Air       0%         N/A       56%         2
 Scorch                   Fire           0%         2d5       56%         2
 Searing Ray              Conj           0%         2d4       56%         2
 Static Discharge         Conj/Air       0%         2-2/arc   56%         2
 Ignite Poison            Fire/Tmut/Pois 0%         N/A       80%         3
 Airstrike                Air            0%         2d(0-16)  99%         4
 Flame Wave               Conj/Fire      0%         2d4       99%         4
 Fulminant Prism          Conj/Hex       0%         3d5       99%         4
 Olgreb's Toxic Radiance  Pois           0%         N/A       99%         4
 Summon Lightning Spire   Summ/Air       0%         N/A       99%         4
 Freezing Cloud           Conj/Ice/Air   0%         6-21      100%        5
 Simulacrum               Ice/Necr       0%         N/A       100%        6
 Summon Cactus Giant      Summ           0%         N/A       100%        6
 Ozocubu's Refrigeration  Ice            0%         4d7       100%        7
 Polar Vortex             Ice            0%         N/A       100%        9


Dungeon Overview and Level Annotations

Branches:
Dungeon (11/15)            Temple (0/1) D:7            Lair (0/5) D:10
    Orc (1/2) D:11

Altars:
Hepliaklqana
Okawaru
Zin
The Shining One

Shops:
D:5 [   D:7 [

Annotations:
D:11 Snorg


Innate Abilities, Weirdness & Mutations

You are too large for most types of armour.
You have tough skin. (AC +1)


Message History

You barely miss Snorg.
Snorg is severely wounded.
Snorg bites you. Snorg claws you. Snorg closely misses you. Snorg bites you!!
Snorg claws you. Snorg misses you.
You hit Snorg.
Snorg is severely wounded.
Snorg barely misses you. Snorg claws you but does no damage. Snorg claws you!
You bludgeon Snorg!!
Snorg is severely wounded.
Snorg barely misses you. Snorg claws you. Snorg claws you!
Snorg barely misses you. Snorg claws you! x2
* * * LOW HITPOINT WARNING * * *
You hit Snorg.
Snorg is severely wounded.
Snorg bites you!
* * * LOW HITPOINT WARNING * * *
Snorg barely misses you. Snorg completely misses you. Snorg closely misses you.
Snorg misses you. Snorg claws you.
* * * LOW HITPOINT WARNING * * *
You feel much better. Snorg closely misses you. Snorg barely misses you.
Snorg claws you but does no damage.
You feel much better. Snorg bites you! Snorg misses you. Snorg claws you!
Snorg barely misses you. Snorg claws you but does no damage. Snorg claws you!
* * * LOW HITPOINT WARNING * * *
You thump Snorg!
Snorg is severely wounded.
Snorg misses you. Snorg closely misses you. Snorg claws you.
* * * LOW HITPOINT WARNING * * *
Snorg bites you but does no damage. Snorg barely misses you. Snorg claws you!
* * * LOW HITPOINT WARNING * * *
You puncture Snorg!
Snorg is almost dead.
Snorg misses you. Snorg claws you!
* * * LOW HITPOINT WARNING * * *
Snorg claws you but does no damage.
You puncture Snorg!
Snorg is almost dead.
Snorg bites you but does no damage. Snorg claws you but does no damage.
Snorg closely misses you. x2; Snorg claws you!
You die...

.........................#....)))
...................)######.......
....................)..........##
............^........)#...)....##
...............[.....).....).....
................................#
........................#..)....#
##########.....................##
##........@[...............
#.........T[...............
####.......................
#.......................
#...............).......
#####................###
#................#
#................#
##..............##


You could see Snorg (berserk).

Vanquished Creatures
  Gastronok (D:8)
  6 death yaks
  A boulder beetle (D:11)
  4 two-headed ogres
  Nergalle (D:11)
  Pikel (D:6)
  An orc knight (D:11)
  A manticore (D:11)
  3 trolls (D:10)
  6 dream sheep (D:9)
  Sigmund (D:3)
  2 wraiths
  3 shadows
  A vampire (D:11)
  9 yaks
  2 steam dragons
  Grum (D:9)
  3 acid dragons
  A water moccasin (D:8)
  5 ice beasts
  Duvessa (D:6)
  10 orc warriors
  4 wolves (D:9)
  A lemure (D:6)
  11 centaurs
  2 kobold brigands (D:7)
  3 scorpions
  19 wights
  Dowan (D:6)
  6 killer bees (D:10)
  3 howler monkeys
  4 jellies
  Crazy Yiuf (D:6)
  6 hounds
  6 orc priests
  2 gnoll boudas (D:7)
  5 iguanas
  Natasha (thrice) (D:3)
  7 orc wizards
  Robin (D:3)
  11 gnolls
  5 adders
  A white imp (D:7)
  An ufetubus (D:4)
  57 orcs
  6 ball pythons
  3 endoplasms
  4 giant cockroaches
  16 goblins
  9 hobgoblins
  2 jackals (D:1)
  18 kobolds
  A quokka (D:3)
  7 bats
  3 frilled lizards
  4 rats
297 creatures vanquished.

Vanquished Creatures (others)
  A wight (D:8)
1 creature vanquished.

Grand Total: 298 creatures vanquished

Notes
Turn   | Place    | Note
-------+----------+-------------------------------------------
     0 | D:1      | Martska the Ogre Gladiator began the quest for the Orb.
     0 | D:1      | Reached XP level 1. HP: 22/22 MP: 1/1
   221 | D:1      | Reached skill level 3 in Fighting
   254 | D:1      | Found a faded altar of an unknown god.
   281 | D:1      | Reached XP level 2. HP: 31/31 MP: 2/2
   689 | D:1      | Reached XP level 3. HP: 32/37 MP: 3/3
  1387 | D:2      | Reached skill level 4 in Fighting
  1862 | D:3      | Noticed Robin
  1870 | D:3      | Reached XP level 4. HP: 16/48 MP: 4/4
  1884 | D:3      | Killed Robin
  2073 | D:3      | Noticed Natasha
  2077 | D:3      | Killed Natasha
  2199 | D:3      | Noticed Sigmund
  2209 | D:3      | Killed Sigmund
  2210 | D:3      | Reached skill level 5 in Fighting
  2210 | D:3      | Reached XP level 5. HP: 11/59 MP: 5/5
  2210 | D:3      | Reached XP level 6. HP: 12/67 MP: 6/6
  2576 | D:3      | Noticed Natasha
  2584 | D:3      | Killed Natasha
  2811 | D:3      | Noticed Natasha
  2817 | D:3      | Killed Natasha
  2818 | D:3      | Reached skill level 6 in Fighting
  3802 | D:4      | Reached XP level 7. HP: 76/76 MP: 7/7
  3837 | D:4      | Found a glowing golden altar of the Shining One.
  3887 | D:4      | Became a worshipper of the Shining One
  3907 | D:5      | Entered Level 5 of the Dungeon
  3908 | D:5      | Found an iron altar of Okawaru.
  3910 | D:5      | Found Baamip's Antique Armour Emporium.
  3928 | D:5      | Bought an embroidered robe for 103 gold pieces
  4035 | D:5      | Reached skill level 5 in Maces & Flails
  4134 | D:5      | Reached skill level 7 in Fighting
  4848 | D:6      | Reached XP level 8. HP: 25/88 MP: 8/8
  5102 | D:6      | Reached skill level 8 in Fighting
  5105 | D:6      | Noticed Dowan
  5106 | D:6      | Noticed Duvessa
  5123 | D:6      | Killed Duvessa
  5135 | D:6      | Killed Dowan
  5892 | D:6      | Noticed Pikel
  5905 | D:6      | Killed Pikel
  5906 | D:6      | Reached skill level 9 in Fighting
  5906 | D:6      | Reached skill level 5 in Dodging
  5906 | D:6      | Reached XP level 9. HP: 51/101 MP: 9/9
  6377 | D:6      | Found a runed translucent door.
  6378 | D:6      | Noticed Crazy Yiuf
  6739 | D:6      | Killed Crazy Yiuf
  6842 | D:7      | Reached skill level 10 in Fighting
  6991 | D:7      | Reached * piety under the Shining One
  7097 | D:7      | Found a staircase to the Ecumenical Temple.
  7190 | D:7      | Found a hazy altar of Hepliaklqana.
  7335 | D:7      | Found Bomeamav's Antique Armour Shoppe.
  7346 | D:7      | Found the +9 staff of Olgreb {rPois∞}
  7797 | D:7      | Found a glowing silver altar of Zin.
  7834 | D:8      | Reached skill level 11 in Fighting
  8015 | D:8      | Reached XP level 10. HP: 97/114 MP: 10/10
  8310 | D:8      | Noticed Gastronok
  8334 | D:8      | HP: 5/114 [Gastronok (29)]
  8336 | D:8      | Killed Gastronok
  8912 | D:8      | Noticed a two-headed ogre
  8922 | D:8      | Killed a two-headed ogre
  8923 | D:8      | Reached skill level 12 in Fighting
  9291 | D:9      | Reached ** piety under the Shining One
  9407 | D:9      | Noticed Grum
  9408 | D:9      | Reached skill level 10 in Maces & Flails
  9409 | D:9      | Killed Grum
  9647 | D:9      | Reached XP level 11. HP: 112/124 MP: 11/11
  9682 | D:9      | Found the +5 robe of Night {Dark Will+ SInv}
  9802 | D:9      | Noticed a two-headed ogre
  9833 | D:8      | Killed a two-headed ogre
  9834 | D:8      | Reached skill level 13 in Fighting
 10666 | D:10     | Entered Level 10 of the Dungeon
 10895 | D:10     | Noticed a death yak
 10901 | D:10     | Noticed a death yak
 10906 | D:10     | Killed a death yak
 10907 | D:10     | Noticed a death yak
 10907 | D:10     | Noticed a death yak
 10908 | D:10     | Noticed a death yak
 10910 | D:10     | Noticed a death yak
 10920 | D:9      | Killed a death yak
 11465 | D:10     | Found a staircase to the Lair.
 11473 | D:10     | Killed a death yak
 11476 | D:10     | Killed a death yak
 11477 | D:10     | Reached skill level 14 in Fighting
 11477 | D:10     | Reached XP level 12. HP: 84/139 MP: 12/12
 11482 | D:10     | Killed a death yak
 11485 | D:10     | Killed a death yak
 11758 | D:10     | Reached *** piety under the Shining One
 11961 | D:11     | Noticed a two-headed ogre
 11968 | D:11     | Killed a two-headed ogre
 11974 | D:11     | Noticed a boulder beetle
 11990 | D:11     | Killed a boulder beetle
 12149 | D:11     | Found a staircase to the Orcish Mines.
 12155 | D:11     | Noticed a two-headed ogre
 12178 | D:11     | Killed a two-headed ogre
 12665 | D:11     | Noticed Nergalle
 12678 | D:11     | Killed Nergalle
 12810 | Orc:1    | Entered Level 1 of the Orcish Mines
 12874 | Orc:1    | Noticed Snorg
 12901 | D:11     | HP: 3/139 [Snorg (12)]
 12902 | D:11     | Slain by Snorg

Illustrated notes

Levels and vault maps discovered:
D:1:      minmay_arrival_three_doors, layout_basic,
          shapermc_ecumenical_altar_mp_highgroup, corexii_hall_statues_x,
          minmay_cupped
D:2:      layout_basic
D:3:      layout_loops_ring, uniq_natasha, uniq_robin, uniq_sigmund
D:4:      layout_loops_corners, tso_altar, nrook_campfire,
          chequers_decorated_corner
D:5:      layout_gridville, mainiacjoe_overflow_tiny_flanked, serial_shops, shop
D:6:      layout_cave_pods, kennysheep_generic_room_6, uniq_crazy_yiuf_cottage,
          uniq_duvessa, uniq_pikel
D:7:      layout_loops_ring, mainiacjoe_overflow_catwalk, zin_scriptorium,
          minmay_temple_entry_large_hall, serial_shops, shop
D:8:      layout_rooms, grunt_decor_clamped, feat_on_display, uniq_gastronok
D:9:      layout_basic, hellmonk_guarded_unrand_night, uniq_grum
D:10:     layout_loops_corners, dpeg_lair_monsters
D:11:     layout_rooms, david_orc_3, special_room [special_room_orc],
          uniq_nergalle
Orc:1:    layout_diamond_mine, basic_altar, serial_shops,
          nicolae_shop_getting_attention, gammafunk_ghost_cemetery,
          mines5_lemuel, uniq_snorg, uniq_fannar

Skill      XL: |  1  2  3  4  5  6  7  8  9 10 11 12 |
---------------+-------------------------------------+-----
Fighting       | 3 4 5 6 7 9 11 12 14 | 14.9
Maces & Flails | 3 4 5 7 8 10 12 13 | 13.2
Dodging        | 3 4 5 6 7 8 9 |  9.7
Throwing       | |  2.0

Action                     |  1- 3 |  4- 6 |  7- 9 | 10-12 || total
---------------------------+-------+-------+-------+-------++-------
  Melee: Flail             |    94 |       |       |       ||    94
         Trident           |    23 |   102 |   145 |       ||   270
         Punch             |     2 |     3 |     9 |       ||    14
         Unarmed           |       |       |     7 |       ||     7
         Whip              |       |       |   239 |    81 ||   320
         Giant spiked club |       |       |       |   341 ||   341
  Throw: Large rock        |       |       |       |     3 ||     3
         Throwing net      |       |       |       |     1 ||     1
  Evoke: Wand              |       |     2 |     7 |    11 ||    20
    Use: Scroll            |     3 |       |     5 |     6 ||    14
         Potion            |       |     4 |     1 |     5 ||    10
 Armour: Robe              |    48 |    27 |   159 |       ||   234
         Skin              |       |     1 |       |       ||     1
         Steam dragon scal |       |       |    47 |    85 ||   132
         Acid dragon scale |       |       |       |    25 ||    25
         Troll leather arm |       |       |       |   164 ||   164
  Dodge: Dodged            |    89 |    47 |   241 |   327 ||   704
